 Dungeon Crawl Stone Soup version 0.31.0-9-g3a7656b989 (webtiles) character file.

Game seed: 16649092598334718500

40575 vasus the Cleaver (level 13, -2/109 HPs)
             Began as a Demonspawn Berserker on Feb 4, 2024.
             Was an Elder of Trog.
             Splashed by a goliath frog's acid (8 damage)
             ... on level 1 of the Swamp.
             The game lasted 00:41:13 (12879 turns).

vasus the Cleaver (Demonspawn Berserker)           Turns: 12879, Time: 00:41:14

Health: -2/109     AC: 12    Str: 28    XL:     13   Next: 75%
Magic:  0/13       EV:  9    Int:  6    God:    Trog [****..]
Gold:   573        SH:  4    Dex: 17    Spells: 12/12 levels left

rFire   . . .        N - +1 broad axe (drain)
rCold   + + .        (no shield)
rNeg    . . .        m - +1 plate armour {Will+}
rPois   .            R - +0 helmet
rElec   .            A - +0 cloak
rCorr   .            (no gloves)
SInv    .            (no boots)
Will    +++..        L - amulet of guardian spirit Stlth
                     g - +6 ring of strength
HPRegen 1.38/turn    b - ring of flight
MPRegen 0.26/turn

%: guardian spirit
@: strong-willed, corroded, sanguine armoured, flying, regenerating, studying
Throwing
A: claws 2, spiny 1, magic regeneration, sanguine armour 2, large bone plates 1,
agile 1, cold resistance 2
a: Renounce Religion, Berserk, Trog's Hand, Brothers in Arms


You were on level 1 of the Swamp.
You worshipped Trog.
Trog was greatly pleased with you.
You visited 4 branches of the dungeon, and saw 13 of its levels.
You also visited: Sewer and Bailey.

You collected 653 gold pieces.
You spent 80 gold pieces at shops.

Inventory:

Hand Weapons
 a - a +1 hand axe
 y - the +5 woodcutter's axe
   (You found it on level 5 of the Dungeon)
 M - a +5 broad axe
 N - a +1 broad axe of draining (weapon)
Missiles
 j - 107 stones (quivered)
 r - a throwing net
Armour
 m - a +1 plate armour of willpower (worn)
 A - a +0 cloak (worn)
 R - a +0 helmet (worn)
 V - the +2 scale mail of the Imp {rPois Str+2}
   (You found it on level 8 of the Dungeon)

   Str+2:     It affects your strength (+2).
   rPois:     It protects you from poison
 Y - a +0 robe
Jewellery
 b - a ring of flight (right claw)
 d - a ring of see invisible
 g - a +6 ring of strength (left claw)
 s - a +6 ring of dexterity
 t - a ring of protection from cold
 B - an amulet of magic regeneration
 J - a ring of willpower
 L - an amulet of guardian spirit (around neck)
 P - a ring of magical power
 S - a ring of wizardry
 W - a ring of protection from fire
 X - a +6 ring of intelligence
Talismans
 h - a maw talisman
 C - a serpent talisman
 O - a beast talisman
Wands
 q - a wand of charming (28)
 E - a wand of digging (17)
 H - a wand of iceblast (13)
 T - a wand of quicksilver (10)
Scrolls
 c - 2 scrolls of noise
 l - 5 scrolls of enchant armour
 n - 6 scrolls of immolation
 o - 3 scrolls of teleportation
 p - a scroll of revelation
 z - a scroll of poison
 D - 2 scrolls of enchant weapon
 F - 3 scrolls of identify
 G - 3 scrolls of fear
 I - 6 scrolls of blinking
Potions
 e - 4 potions of curing
 f - 3 potions of berserk rage
 i - a potion of might
 u - 2 potions of brilliance
 v - 5 potions of haste
 w - a potion of mutation
 x - 4 potions of magic
 K - 2 potions of enlightenment
 Q - a potion of lignification
Miscellaneous
 U - a condenser vane


   Skills:
 + Level 12.5 Fighting
 + Level 14.5 Axes
 + Level 11.9 Armour
 - Level 2.0 Dodging
 + Level 1.1 Shields
 + Level 0.1 Evocations


You had 12 spell levels left.
You didn't know any spells.
Your spell library contained the following spells:

 Spells                   Type           Power      Damage    Failure   Level
 Apportation              Tloc           0%         N/A       98%         1
 Sting                    Conj/Alch      0%         1d3       98%         1
 Jinxbite                 Hex            0%         N/A       99%         2
 Mercury Vapours          Alch/Air       0%         N/A       99%         2
 Olgreb's Toxic Radiance  Alch           0%         N/A       100%        4
 Alistair's Intoxication  Alch           0%         N/A       100%        5


Dungeon Overview and Level Annotations

Branches:
Dungeon (8/15)             Temple (1/1) D:4            Lair (3/5) D:8
  Swamp (1/4) Lair:3        Snake (0/4) Lair:2        Sewer (visited)
 Bailey (visited)

Altars:
Ashenzari
Cheibriados
Dithmenos
Fedhas
Gozag
Hepliaklqana
Kikubaaqudgha
Nemelex Xobeh
Okawaru
Qazlal
Ru
Wu Jian
Xom
Yredelemnul

Shops:
D:2 *   D:3 =

Annotations:
Lair:2 exclusion: oklob plant


Innate Abilities, Weirdness & Mutations

You have very sharp fingernails.
You are partially covered in sharp spines.
You regenerate magic rapidly.
When seriously injured, your blood forms thick armour. (AC +9)
You are partially covered in large bone plates. (SH +4)
You are agile. (Dex +4, Str/Int -1)
Your flesh is very cold resistant. (rC++)


Message History

You feel much better.
You are hit by a branch!
* * * LOW HITPOINT WARNING * * *
The spriggan druid is struck by your spines.
The spriggan druid completely misses you.
The goliath frog hits you but does no damage.
You barely miss the spriggan druid.
The spriggan druid is almost dead.
A root smacks you from below!
* * * LOW HITPOINT WARNING * * *
The goliath frog hits you from afar.
* * * LOW HITPOINT WARNING * * *
The acid corrodes you!
You are splashed with acid.
* * * LOW HITPOINT WARNING * * *
The spriggan druid hits you with a +0 quarterstaff.
* * * LOW HITPOINT WARNING * * *
You feel much better.
You are hit by a branch!
* * * LOW HITPOINT WARNING * * *
The goliath frog hits you from afar!
* * * LOW HITPOINT WARNING * * *
The acid corrodes you!
You are splashed with acid!
* * * LOW HITPOINT WARNING * * *
The spriggan druid is struck by your spines.
With its final breath, the spriggan druid offers up its power to the beasts of the wild!
The goliath frog is healed.
The goliath frog seems to grow more fierce.
You kill the spriggan druid!
Trog accepts your kill.
Trog appreciates your killing of a magic user.
The forest abruptly stops moving.
The goliath frog closely misses you.
You feel much better. The goliath frog barely misses you.
The goliath frog is struck by your spines.
The goliath frog barely misses you.
Things that are here:
a +0 quarterstaff; a +0 robe You slash the goliath frog!
You drain the goliath frog!
The goliath frog is almost dead.
The goliath frog hits you!!
* * * LOW HITPOINT WARNING * * *
You are splashed with acid!
You die...

♣..~. ♣♣ #.. .♣ ♣.~~. ♣.
#... ..♣ ♣.~~♣♣. ....#
..♣ ♣.~~♣~ ... ####..♣
♣~~.♣~ ...#....? ♣~♣>..
#####.#...♣ ♣♣♣.~~~~
#.......F♣ ♣♣...~♣~~
#....÷#@.♣ ♣♣.♣♣.~♣.~
#.....+.♣♣ ♣♣...§.~~.~
....~...♣♣♣♣ ♣~.~♣~.†~.~
###.~~...♣.♣♣♣~~§♣~.~~~~
.......~..~.♣)~~~~§.~~~~
....~....~..~.~♣~.......
♣♣♣♣~.~~.~.♣~~~~~~♣♣♣♣♣.
♣♣.♣♣♣.♣♣..>~~♣♣ ♣♣ ♣♣
♣♣♣♣♣~♣.♣♣ ♣.


You could see a goliath frog (strong, drained).

Vanquished Creatures
  A fenstrider witch (Swamp:1)
  An orc warlord (Bailey)
  A bunyip (Swamp:1)
  An alligator (Swamp:1)
  2 hydras
  3 death yaks
  A goliath frog (Swamp:1)
  3 spriggan druids
  A bog body (Swamp:1)
  2 swamp dragons (Swamp:1)
  A manticore (D:8)
  A will-o-the-wisp (Swamp:1)
  4 elephants (Lair:3)
  2 black mambas
  A guardian serpent (shapeshifter) (D:8)
  5 cane toads
  A gargoyle (D:8)
  A rime drake (D:8)
  4 komodo dragons
  A tyrant leech (Swamp:1)
  2 hornets (Swamp:1)
  A polar bear (Lair:3)
  Grinder (Sewer)
  10 blink frogs
  5 spriggans (Swamp:1)
  A wraith (D:8)
  2 basilisks (Lair:3)
  2 wyverns
  27 yaks
  2 steam dragons (D:8)
  2 nagas (Lair:2)
  3 swamp worms (Swamp:1)
  8 water moccasins
  4 ice beasts
  2 sky beasts
  4 orc warriors (Bailey)
  3 ogres
  4 wolves (D:8)
  A centaur (D:5)
  2 phantoms
  4 kobold brigands
  Blork the orc (D:6)
  10 bullfrogs
  A gnoll sergeant (D:7)
  6 scorpions
  2 wights (D:8)
  4 killer bees (D:8)
  4 bombardier beetles
  A howler monkey (D:7)
  A quasit (Sewer)
  3 hounds
  3 orc priests
  3 sleepcaps
  Jessica (D:3)
  Ijyb (D:3)
  6 orc wizards
  Robin (D:4)
  10 gnolls
  7 adders
  5 shadow imps
  4 white imps
  6 ufetubi
  12 dart slugs (D:3)
  A ribbon worm (D:4)
  19 orcs
  11 ball pythons
  7 bats
  8 endoplasms
  5 giant cockroaches
  14 goblins
  14 hobgoblins
  2 jackals (D:5)
  5 quokkas
  A frilled lizard (D:2)
  38 kobolds
  A kobold zombie (Sewer)
  8 rats
353 creatures vanquished.

Vanquished Creatures (collateral kills)
  A gnoll (Bailey)
  2 hobgoblins (Bailey)
  3 kobolds (Bailey)
6 creatures vanquished.

Vanquished Creatures (others)
  2 endoplasms (Sewer)
  16 foxfires (Swamp:1)
18 creatures vanquished.

Grand Total: 377 creatures vanquished

Notes
Turn   | Place    | Note
-------+----------+-------------------------------------------
     0 | D:1      | vasus the Demonspawn Berserker began the quest for the Orb.
     0 | D:1      | Reached XP level 1. HP: 18/18 MP: 1/1
   139 | D:1      | Reached skill level 3 in Axes
   139 | D:1      | Gained mutation: When seriously injured, your blood forms
                  | armour. (AC +9) [demonic ancestry]
   139 | D:1      | Reached XP level 2. HP: 13/24 MP: 2/2
   323 | D:1      | Found a faded altar of an unknown god.
   660 | D:2      | Reached XP level 3. HP: 29/29 MP: 3/3
   796 | D:2      | Found Ythrepyro's General Store.
   823 | D:2      | Bought a scroll of immolation for 40 gold pieces
   923 | D:2      | Reached ** piety under Trog
  1540 | D:2      | Gained mutation: Your flesh is heat resistant. (rF+)
                  | [potion of mutation]
  1540 | D:2      | Gained mutation: You have sharp toenails. [potion of
                  | mutation]
  1676 | D:3      | Gained mutation: You regenerate magic rapidly. [demonic
                  | ancestry]
  1676 | D:3      | Reached XP level 4. HP: 35/37 MP: 4/4
  1771 | D:3      | Noticed Ijyb
  1784 | D:3      | Killed Ijyb
  1785 | D:3      | Reached skill level 4 in Axes
  1830 | D:3      | Found Tuptopru's Jewellery Boutique.
  2051 | D:3      | Noticed Jessica
  2065 | D:3      | Killed Jessica
  2066 | D:3      | Gained mutation: You are partially covered in sharp spines.
                  | [demonic ancestry]
  2066 | D:3      | Reached XP level 5. HP: 30/41 MP: 5/5
  2524 | D:2      | Bought a potion of brilliance for 40 gold pieces
  2783 | D:4      | Reached *** piety under Trog
  2821 | D:4      | Noticed Robin
  2837 | D:4      | Killed Robin
  2875 | D:4      | Noticed an ogre
  2886 | D:4      | Killed an ogre
  2887 | D:4      | Reached skill level 5 in Axes
  2887 | D:4      | Reached XP level 6. HP: 48/48 MP: 6/6
  3205 | D:4      | Found a staircase to the Ecumenical Temple.
  3210 | Temple   | Entered the Ecumenical Temple
  3507 | D:5      | Entered Level 5 of the Dungeon
  3561 | D:5      | Gained mutation: When seriously injured, your blood forms
                  | thick armour. (AC +9) [demonic ancestry]
  3561 | D:5      | Reached XP level 7. HP: 22/55 MP: 7/7
  3630 | D:5      | Reached skill level 6 in Axes
  3905 | D:5      | Found the +5 woodcutter's axe
  3955 | D:5      | Reached skill level 5 in Fighting
  4503 | D:6      | Found a glowing drain.
  4517 | Sewer    | Entered a sewer
  4568 | Sewer    | Reached **** piety under Trog
  4569 | Sewer    | Reached skill level 7 in Axes
  4596 | Sewer    | Reached XP level 8. HP: 61/62 MP: 8/8
  4630 | Sewer    | Found a burning altar of Makhleb.
  4715 | Sewer    | Noticed Grinder
  4734 | Sewer    | Killed Grinder
  5027 | D:6      | Reached skill level 8 in Axes
  5118 | D:6      | Noticed Blork the orc
  5127 | D:6      | Reached skill level 5 in Armour
  5130 | D:6      | Killed Blork the orc
  5173 | D:6      | Gained mutation: You have sharp fingernails. [demonic
                  | ancestry]
  5173 | D:6      | Reached XP level 9. HP: 26/71 MP: 9/9
  5919 | D:7      | Reached ***** piety under Trog
  6091 | D:7      | Found a shimmering altar of Xom.
  6287 | D:7      | Found a basalt altar of Yredelemnul.
  6496 | D:8      | Found a flagged portal.
  6505 | Bailey   | Entered a bailey
  6520 | Bailey   | Noticed an orc warlord
  6561 | Bailey   | Reached skill level 9 in Axes
  6664 | Bailey   | Found a runed translucent gate.
  6666 | Bailey   | Found a runed translucent gate.
  6668 | Bailey   | Found a runed translucent gate.
  6816 | Bailey   | Killed an orc warlord
  6817 | Bailey   | Reached XP level 10. HP: 82/82 MP: 10/10
  7028 | D:8      | Found a large runed translucent door.
  7028 | D:8      | Found a large runed translucent door.
  7078 | D:8      | Noticed a manticore
  7087 | D:8      | Killed a manticore
  7157 | D:8      | Found a large runed translucent door.
  7157 | D:8      | Found a large runed translucent door.
  7212 | D:8      | Reached skill level 10 in Axes
  7563 | D:8      | Found a staircase to the Lair.
  7624 | D:8      | Found an ancient bone altar of Kikubaaqudgha.
  7810 | D:8      | Noticed a gargoyle
  7815 | D:8      | Reached XP level 11. HP: 66/90 MP: 7/11
  7985 | D:8      | Reached skill level 11 in Axes
  8074 | D:8      | Noticed a harpy
  8080 | D:8      | a harpy changed into a guardian serpent
  8088 | D:8      | Reached skill level 10 in Fighting
  8090 | D:8      | Identified the +2 scale mail of the Imp {rPois Str+2}
  8206 | Lair:1   | Entered Level 1 of the Lair of Beasts
  8300 | Lair:1   | You are sucked into a shaft and drop 1 floor!
  8300 | Lair:2   | Noticed an eight-headed hydra
  8312 | Lair:2   | Killed a 15-headed hydra
  8975 | Lair:2   | Found a staircase to the Snake Pit.
  8988 | Lair:2   | Reached skill level 12 in Axes
  9439 | Lair:2   | Noticed an oklob plant
  9440 | Lair:2   | Reached skill level 13 in Axes
  9440 | Lair:2   | Reached skill level 10 in Armour
  9440 | Lair:2   | Gained mutation: You have very sharp fingernails. [demonic
                  | ancestry]
  9440 | Lair:2   | Reached XP level 12. HP: 100/100 MP: 12/12
  9928 | Lair:3   | Noticed a death yak
  9928 | Lair:3   | Noticed a death yak
  9928 | Lair:3   | Noticed a death yak
  9934 | Lair:3   | Killed a death yak
  9938 | Lair:2   | Killed a death yak
  9942 | Lair:2   | Killed a death yak
  9943 | Lair:2   | Reached XP level 13. HP: 48/107 MP: 7/13
 10846 | Lair:3   | Found a staircase to the Swamp.
 11265 | Swamp:1  | Entered Level 1 of the Swamp
 11269 | Swamp:1  | Lost mutation: You have sharp toenails. [potion of
                  | mutation]
 11269 | Swamp:1  | Lost mutation: Your flesh is heat resistant. (rF+) [potion
                  | of mutation]
 11269 | Swamp:1  | Gained mutation: You are partially covered in large bone
                  | plates. (SH +4) [potion of mutation]
 11269 | Swamp:1  | Gained mutation: Your flesh is cold resistant. (rC+)
                  | [potion of mutation]
 11269 | Swamp:1  | Gained mutation: You are agile. (Dex +4, Str/Int -1)
                  | [potion of mutation]
 11269 | Swamp:1  | Gained mutation: Your flesh is very cold resistant. (rC++)
                  | [potion of mutation]
 11276 | Swamp:1  | Noticed a bunyip
 11544 | Swamp:1  | Reached skill level 14 in Axes
 11545 | Swamp:1  | Killed a bunyip
 11775 | Swamp:1  | Noticed a fenstrider witch
 12178 | Swamp:1  | Killed a fenstrider witch
 12299 | Swamp:1  | Reached skill level 1 in Shields
 12332 | Swamp:1  | HP: 5/109 [will-o-the-wisp/foxfire (22)]
 12875 | Swamp:1  | HP: 4/109 [spriggan druid/+0 quarterstaff (6)]
 12879 | Swamp:1  | Splashed by a goliath frog's acid

Illustrated notes

Levels and vault maps discovered:
D:1:      amcnicky_arrival_underground_garden, layout_basic,
          ebering_ecumenical_altar_ruins
D:2:      layout_basic, serial_shops, shop
D:3:      kennysheep_slugbush, layout_basic, serial_shops, shop,
          nicolae_concentric_dashed_squares_mild, uniq_ijyb, uniq_jessica
D:4:      layout_gridville, temple_doors_ab, uniq_robin
D:5:      layout_basic, grunt_ministairs_2, minmay_misc_feat_diagonals,
          nicolae_eternal_life
D:6:      layout_loops_ring, cheibrodos_sewer_entry_drain, minivault_26,
          uniq_blork_the_orc
D:7:      layout_gridville, mainiacjoe_overflow_24_doors,
          mainiacjoe_overflow_divided_tiny
D:8:      layout_cave_pools, old_standard_altar, hellmonk_lair_entry_icy,
          enter_bailey_2, serial_ice, serial_ice_e, serial_ice_d, serial_ice_g,
          serial_ice_m, minmay_misc_feat_plants, minmay_hollow_rounded_squares
Temple:   dshaligram_water_room_temple
Lair:1:   layout_small_grid, enter_volcano_3, hibernation_bobbens,
          lemuel_fruit_fields, uniq_gastronok
Lair:2:   layout_cave_pods, guppyfry_snake_entry_garden, minmay_lair_oklob_items
Lair:3:   layout_hall_layers, swamp_mist, grunt_megastairs_3
Swamp:1:  layout_falls_marsh, serial_swamp_ruin, hangedman_swamp_ruin_wall,
          evilmike_swamp_ruin_house_5, evilmike_swamp_ruin_rubble_2

Skill      XL: |  1  2  3  4  5  6  7  8  9 10 11 12 13 |
---------------+----------------------------------------+-----
Axes           | 3 4 5 7 8 9 10 13 14 | 14.5
Armour         | 2 3 4 5 6 8 10 11 | 11.9
Dodging        | 2 |  2.0
Fighting       | 4 5 6 8 9 11 12 | 12.5
Shields        | 1 |  1.1
Evocations     | |  0.1

Action                     |  1- 3 |  4- 6 |  7- 9 | 10-12 | 13-15 || total
---------------------------+-------+-------+-------+-------+-------++-------
  Melee: Hand axe          |   114 |   142 |    35 |       |       ||   291
         Punch             |     1 |     1 |       |     2 |     1 ||     5
         Kick              |     2 |    40 |    46 |    68 |    39 ||   195
         Battleaxe         |       |       |   185 |       |       ||   185
         Broad axe         |       |       |       |   189 |   177 ||   366
 Invoke: Berserk           |     2 |     1 |     1 |     1 |     4 ||     9
         Trog's Hand       |       |     1 |     6 |     7 |     8 ||    22
         Brothers in Arms  |       |       |     3 |       |       ||     3
  Evoke: Condenser vane    |       |       |       |     1 |       ||     1
    Use: Scroll            |     7 |     1 |     7 |       |     3 ||    18
         Potion            |     1 |     6 |     2 |     3 |     9 ||    21
 Armour: Animal skin       |    52 |       |       |       |       ||    52
         Plate armour      |    29 |   105 |   172 |   298 |   260 ||   864
  Dodge: Dodged            |    89 |    36 |    63 |    85 |    77 ||   350
  Block: Other             |       |       |       |       |    22 ||    22
